 Dungeon Crawl Stone Soup version 0.16-a0-1982-g8124c91 (webtiles) character file.

1910 ThermosAquaticus the Summoner (level 9, -1/45 HPs)
             Began as a Tengu Summoner on Nov 8, 2014.
             Was an Initiate of the Shining One.
             Slain by a hill giant
             ... wielding a +0 giant spiked club
              (19 damage)
             ... on level 8 of the Dungeon.
             The game lasted 00:44:44 (12587 turns).

ThermosAquaticus the Summoner (Tengu Summoner)     Turns: 12587, Time: 00:44:44

Health: -1/45      AC:  6    Str:  9    XL:     9   Next: 16%
Magic:  13/21      EV: 12    Int: 18    God:    the Shining One [......]
Gold:   332        SH:  0    Dex: 15    Spells: 5 memorised, 2 levels left

rFire  . . .     SeeInvis .     F - +0 war axe (freeze)
rCold  . . .     Clarity  .     a - +0 robe
rNeg   . . .     SustAb   .     (no shield)
rPois  .         Gourm    .     (helmet restricted)
rElec  .         Spirit   .     u - +0 cloak
rCorr  .         Warding  .     r - +2 pair of gloves
rMut   +         Stasis   .     (boots unavailable)
MR     .....                    B - amulet of resist mutation
Stlth  ++........               (no ring)
                                (no ring)

@: about to teleport, very slightly contaminated, not resistant to hostile
enchantments, unstealthy
A: able to fly, beak, talons 3
a: Fly, Renounce Religion


You were on level 8 of the Dungeon.
You worshipped the Shining One.
The Shining One was noncommittal.
You were very hungry.

You visited 2 branches of the dungeon, and saw 9 of its levels.
You also visited: Ossuary.

You collected 332 gold pieces.

Inventory:

Hand weapons
 o - a +0 flail of protection
 A - the +3 mace "Yhyexur" {crush, +Fly rElec rPois rF+, unknown}
   (You found it on level 4 of the Dungeon)

   It inflicts extra damage upon your enemies.
   It protects you from fire.
   It insulates you from electricity.
   It protects you from poison.
   It lets you fly.
 F - a +0 war axe of freezing (weapon)
Missiles
 h - 41 stones (quivered)
 t - 2 throwing nets
Armour
 a - a +0 robe (worn)
 r - a +2 pair of gloves (worn)
 s - a +0 pair of gloves of archery
 u - a +0 cloak (worn)
Jewellery
 B - an amulet of resist mutation (around neck)
Magical devices
 n - a wand of digging (5)
 y - a wand of flame (12)
Scrolls
 e - 2 scrolls of remove curse
 f - 2 scrolls of recharging {unknown}
 p - 2 scrolls of amnesia {unknown}
 q - a scroll of random uselessness {unknown}
 w - 2 scrolls of immolation {unknown}
 x - a scroll of noise {unknown}
 z - 2 scrolls of enchant weapon {unknown}
 D - a scroll of magic mapping
 G - a scroll of fear {unknown}
Potions
 d - a potion of resistance {unknown}
 g - a potion of heal wounds
 k - 3 potions of curing
 l - 2 potions of might
 E - a potion of restore abilities
 K - 2 potions of invisibility
Books
 b - a book of Callings

   Spells                             Type                      Level
   *Summon Small Mammal               Summoning                    1
   *Call Imp                          Summoning                    2
   *Call Canine Familiar              Summoning                    3
   Summon Guardian Golem              Hexes/Summoning              4
   *Summon Lightning Spire            Summoning/Air                4
   *Summon Ice Beast                  Ice/Summoning                4
 m - a book of Power

   Spells                             Type                      Level
   Fulminant Prism                    Conjuration/Hexes            4
   Iskenderun's Mystic Blast          Conjuration                  4
   Venom Bolt                         Conjuration/Poison           5
   Bolt of Magma                      Conjuration/Fire/Earth       5
   Iron Shot                          Conjuration/Earth            6
   Orb of Destruction                 Conjuration                  7
Comestibles
 c - 3 bread rations
 j - 2 meat rations


   Skills:
 + Level 6.4 Axes
 - Level 2.1 Dodging
 - Level 2.0 Stealth
 - Level 4.1 Spellcasting
 - Level 10.1 Summonings
 - Level 4.2 Ice Magic
 - Level 2.0 Air Magic


You had 2 spell levels left.
You knew the following spells:

 Your Spells              Type           Power        Failure   Level  Hunger
a - Summon Small Mammal   Summ           ####         1%          1    None
b - Call Imp              Summ           #####...     1%          2    ##.....
c - Call Canine Familiar  Summ           #####...     1%          3    ###....
d - Summon Ice Beast      Ice/Summ       ####....     10%         4    ####...
e - Summon Lightning Spi  Summ/Air       ####....     14%         4    ####...


Dungeon Overview and Level Annotations

Branches:
Dungeon (8/15)             Temple (1/1) D:5            Lair (0/8) D:8

Altars:
Ashenzari
Cheibriados
Dithmenos
Elyvilon
Fedhas
Gozag
Kikubaaqudgha
Makhleb
Nemelex Xobeh
Okawaru
Qazlal
Ru
Sif Muna
Trog
Vehumet
Xom
Yredelemnul
Zin
The Shining One

Shops:
D:3 *


Innate Abilities, Weirdness & Mutations

You can fly.
You have a beak for a mouth.
You have claws for feet.


Message History

Your hound's corpse disappears in a puff of smoke!
Casting: Call Canine Familiar
Confirm with . or Enter, or press ? or * to list all spells.
You miscast Summon Ice Beast.
You are very lightly contaminated with residual magic.
Wisps of condensation drift from your hands.
You are feeling very hungry.
Casting: Summon Ice Beast
Confirm with . or Enter, or press ? or * to list all spells.
A chill wind blows around you.
The hill giant hits you with a giant spiked club!!
Ouch! That really hurt!
Your ice beast hits the hill giant.
Your ice beast freezes the hill giant!
Your ice beast hits the hill giant but does no damage.
There is a stone staircase leading up here.
Read which item? (? for menu, Esc to quit)
As you read the scroll of teleportation, it crumbles to dust.
You feel strangely unstable.
The hill giant hits you with a giant spiked club!!
You die...

#.###.##.# #........#########
#>###.##..........
#.############ #.# ####### #.#
#.....# #.###.....#
#.#.#.....# #.#.##.@.##
#.#.##.C.# #.#.##.Y.#
#.#.##.<.#
.#######.#.##...#### #.
...........##......#######....
.........#.##.....#.......#..#
#######.....#.......#...#....#
#..#.........##P..##...


You could see a hill giant and a friendly ice beast.

Vanquished Creatures
  2 ogres
  A centaur (D:8)
  7 giant frogs
  A scorpion (D:5)
  2 killer bees (D:8)
  A crimson imp (D:6)
  A hound (D:5)
  An orc wizard (D:4)
  A worker ant (D:5)
  Natasha (D:4)
  A big kobold skeleton (D:5)
  2 adders
  A giant mite (D:7)
  A shadow imp (D:5)
  An ooze (D:5)
  20 orcs
  A bat zombie (D:7)
  4 giant cockroaches
  A gnoll skeleton (Ossuary)
  13 goblins
  9 hobgoblins
  4 kobolds
  3 quokkas
  8 bats
  3 giant geckos
  2 giant newts
  A goblin skeleton (Ossuary)
  6 jackals
  A kobold skeleton (Ossuary)
  3 orc skeletons
  3 orc zombies (Ossuary)
  6 rats
  A rat skeleton (D:6)
  3 rat zombies (Ossuary)
  A ballistomycete (D:6)
  A fungus (D:8)
118 creatures vanquished.

Vanquished Creatures (collateral kills)
  Edmund (D:5)
  3 phantoms
  2 sky beasts
  2 ogres
  An orc warrior (D:7)
  A giant frog (D:6)
  3 killer bees (D:8)
  2 goliath beetles
  An orc priest (D:6)
  4 hounds
  Crazy Yiuf (D:6)
  An orc wizard (D:4)
  8 worker ants
  Terence (D:2)
  A mummy (D:6)
  Natasha (twice) (D:4)
  4 adders
  An orc skeleton (D:7)
  2 worms (D:2)
  2 giant geckos
  5 orcs
  A giant cockroach (D:1)
  A gnoll zombie (Ossuary)
  3 goblins (D:1)
  2 hobgoblins
  A jackal (D:7)
  A giant newt (D:6)
  A gnoll skeleton (Ossuary)
  A jackal zombie (D:6)
  5 kobolds
  A rat (D:5)
65 creatures vanquished.

Vanquished Creatures (others)
  4 ice beasts (D:8)
  6 crimson imps
  23 hounds
  A shadow imp (D:3)
  A quokka (D:1)
  A giant spore (D:6)
36 creatures vanquished.

Grand Total: 219 creatures vanquished

Notes
Turn   | Place    | Note
--------------------------------------------------------------
     0 | D:1      | ThermosAquaticus, the Tengu Summoner, began the quest for the Orb.
     0 | D:1      | Reached XP level 1. HP: 10/10 MP: 3/3
   267 | D:1      | Reached skill level 5 in Summonings
   912 | D:1      | Reached XP level 2. HP: 6/15 MP: 3/5
   916 | D:1      | Learned a level 2 spell: Call Imp
  2612 | D:2      | Reached XP level 3. HP: 13/19 MP: 4/7
  2892 | D:2      | Reached skill level 6 in Summonings
  2897 | D:2      | Learned a level 3 spell: Call Canine Familiar
  3149 | D:2      | Noticed Terence
  3181 | D:2      | Killed Terence
  4366 | D:3      | Reached XP level 4. HP: 24/24 MP: 9/9
  4515 | D:3      | Found Gozag's Platinum Reserve.
  4516 | D:3      | Found an opulent altar of Gozag.
  4914 | D:3      | Found an opulent altar of Gozag.
  4977 | D:3      | Noticed an ogre
  5022 | D:3      | Killed an ogre
  5022 | D:3      | Reached XP level 5. HP: 9/28 MP: 1/13
  5028 | D:3      | Learned a level 4 spell: Summon Ice Beast
  5418 | D:3      | Reached skill level 7 in Summonings
  5605 | D:4      | Found a sand-covered staircase.
  5615 | Ossuary  | Entered an ossuary
  5727 | Ossuary  | Noticed timbw's ghost (average VSGl)
  5833 | D:4      | Found a glowing golden altar of the Shining One.
  5843 | D:4      | Found a sparkling altar of Nemelex Xobeh.
  6037 | D:4      | Found a shimmering altar of Xom.
  6141 | D:4      | Noticed a phantom
  6201 | D:4      | Reached skill level 1 in Ice Magic
  6209 | D:4      | Killed a phantom
  6209 | D:4      | Reached XP level 6. HP: 13/32 MP: 5/14
  6455 | D:4      | Noticed an ogre
  6469 | D:4      | Killed an ogre
  6644 | D:4      | Got an ancient mace
  6997 | D:4      | Noticed Natasha
  7010 | D:4      | Killed Natasha
  7207 | D:4      | Noticed Natasha
  7212 | D:4      | Killed Natasha
  7278 | D:5      | Entered Level 5 of the Dungeon
  7339 | D:5      | Found a staircase to the Ecumenical Temple.
  7563 | D:5      | Reached XP level 7. HP: 36/36 MP: 14/16
  7593 | Temple   | Entered the Ecumenical Temple
  7970 | D:5      | Reached skill level 8 in Summonings
  8086 | D:5      | Noticed Edmund
  8128 | D:5      | Killed Edmund
  8516 | D:6      | Found a blossoming altar of Fedhas.
  8517 | D:6      | Found a stormy altar of Qazlal.
  8676 | D:6      | Reached skill level 9 in Summonings
  8803 | D:6      | Reached XP level 8. HP: 29/41 MP: 18/18
  9236 | D:6      | Noticed Crazy Yiuf
  9248 | D:6      | Killed Crazy Yiuf
  9445 | D:6      | Reached skill level 10 in Summonings
  9649 | D:4      | Became a worshipper of the Shining One
  9659 | D:4      | Noticed Natasha
  9662 | D:4      | Killed Natasha
  9933 | D:7      | Found a radiant altar of Vehumet.
 10035 | D:7      | Learned a level 4 spell: Summon Lightning Spire
 10121 | D:7      | Reached skill level 1 in Air Magic
 10250 | D:7      | Reached skill level 1 in Axes
 11699 | D:8      | Reached skill level 5 in Axes
 11759 | D:8      | Reached XP level 9. HP: 9/45 MP: 13/21
 12162 | D:8      | Found a staircase to the Lair.
 12545 | D:8      | Noticed a hill giant
 12587 | D:8      | Slain by a hill giant

Action                   |  1- 3 |  4- 6 |  7- 9 || total
-------------------------+-------+-------+-------++-------
Melee: Club              |    64 |       |       ||    64
       Unarmed           |     2 |       |       ||     2
       Flail             |    38 |   139 |   269 ||   446
       Mace              |    18 |       |       ||    18
       War axe           |       |       |    41 ||    41
Throw: Stone             |       |     5 |     3 ||     8
 Cast: Summon Small Mamm |    26 |       |       ||    26
       Call Canine Famil |     6 |    22 |    28 ||    56
       Call Imp          |     1 |    14 |     8 ||    23
       Summon Ice Beast  |       |       |    17 ||    17
  Use: Scroll            |     7 |     2 |     6 ||    15
       Potion            |       |     1 |     1 ||     2
 Stab: Sleeping          |     4 |     2 |     4 ||    10
       Confused          |     1 |       |       ||     1
       Distracted        |       |       |     2 ||     2
  Eat: Chunk             |    11 |     6 |    18 ||    35
       Bread ration      |       |     1 |     1 ||     2
       Beef jerky        |       |     1 |     1 ||     2
